 Dungeon Crawl Stone Soup version 0.29.1-2-gbd0b4ee654 (webtiles) character file.

Game seed: 10553350227168836616

10 Icepheonix32 the Trooper (level 2, -1/25 HPs)
             Began as a Demigod Fighter on Nov 4, 2022.
             Succumbed to a scorpion's poison
             ... on level 3 of the Dungeon.
             The game lasted 00:00:28 (819 turns).

Icepheonix32 the Trooper (Demigod Fighter)           Turns: 819, Time: 00:00:29

Health: -1/25      AC:  6    Str: 17    XL:     2   Next: 0%
Magic:  4/4        EV:  9    Int: 10    God:
Gold:   58         SH:  4    Dex: 13    Spells: 1/1 levels left

rFire   . . .      SeeInvis .   a - +0 long sword
rCold   . . .      Faith    .   c - +0 buckler
rNeg    . . .      Spirit   .   b - +0 scale mail
rPois   .          Reflect  .   (no helmet)
rElec   .          Harm     .   (no cloak)
rCorr   .          Rampage  .   (no gloves)
Will    .....                   (no boots)
Stlth   ..........              (no amulet)
HPRegen 0.08/turn               (no ring)
MPRegen 0.09/turn               (no ring)

@: lethally poisoned (-1 -> -12)
A: high MP 1, forlorn, divine attributes
a: no special abilities


You were on level 3 of the Dungeon.
You visited 1 branch of the dungeon, and saw 3 of its levels.

You collected 58 gold pieces.

Inventory:

Hand Weapons
 a - a +0 long sword (weapon)
Armour
 b - a +0 scale mail (worn)
 c - a +0 buckler (worn)
Scrolls
 e - a scroll of identify {unknown}
 f - a scroll of summoning {unknown}
 g - 2 scrolls of amnesia {unknown}
 h - a scroll of teleportation {unknown}
Potions
 d - 2 potions of might


   Skills:
 + Level 2.9 Fighting
 + Level 1.8 Long Blades
 + Level 2.9 Armour
 + Level 2.9 Shields


You had one spell level left.
You didn't know any spells.
Your spell library was empty.

Dungeon Overview and Level Annotations

Branches:
Dungeon (2/15)

Annotations:
D:3 Sigmund


Innate Abilities, Weirdness & Mutations

You have an increased reservoir of magic. (+10% MP)
You shall have no god before yourself.
Your divine heritage dramatically boosts your attributes as you level up.


Message History

Sigmund hits you but does no damage. The hobgoblin barely misses you.
You closely miss Sigmund.
Sigmund is lightly wounded.
The hobgoblin barely misses you. Sigmund barely misses you.
The quokka closely misses you. The hobgoblin hits you.
You slash Sigmund!
Sigmund is heavily wounded.
The quokka bites you but does no damage.
Sigmund closely misses you. The hobgoblin closely misses you.
The quokka bites you but does no damage.
You block the jackal's attack.
You barely miss Sigmund.
Sigmund is heavily wounded.
The quokka barely misses you.
The jackal bites you but does no damage.
The hobgoblin hits you. Sigmund hits you with a +0 scythe.
You closely miss Sigmund.
Sigmund is heavily wounded.
You block the jackal's attack. The quokka closely misses you.
The hobgoblin hits you but does no damage.
The jackal barely misses you. Sigmund barely misses you.
The quokka closely misses you. The hobgoblin barely misses you.
You hit Sigmund.
Sigmund is heavily wounded.
The jackal bites you.
The quokka bites you but does no damage.
The scorpion misses you. The jackal completely misses you.
The hobgoblin barely misses you. You block Sigmund's attack.
You block the quokka's attack. The scorpion attacks as you move away!
The scorpion stings you.
You are lethally poisoned!
The scorpion poisons you!
* * * LOW HITPOINT WARNING * * *
You feel very sick. The jackal barely misses you.
You block the hobgoblin's attack. The scorpion stings you.
* * * LOW HITPOINT WARNING * * *
The hobgoblin attacks as you move away! The hobgoblin barely misses you.
The scorpion attacks as you move away! The scorpion closely misses you.
You die...

... #.# ...
#.# ... #.#
####.###!###
.........#.#
.......wr@l#
#....?gs#
####.Jh.#
####@#
###...#
#.....#
#......#
#..###.#
#... #.# #..
..# ... ..#
# ###


You could see Sigmund, a scorpion, a dart slug, an endoplasm, a quokka, a jackal
and a hobgoblin.

Vanquished Creatures
  3 bats
  A giant cockroach (D:1)
  2 goblins
  A hobgoblin (D:1)
  A ball python (D:2)
  A rat (D:2)
9 creatures vanquished.

Notes
Turn   | Place    | Note
-------+----------+-------------------------------------------
     0 | D:1      | Icepheonix32 the Demigod Fighter began the quest for the
                  | Orb.
     0 | D:1      | Reached XP level 1. HP: 18/18 MP: 3/3
   743 | D:2      | Reached XP level 2. HP: 20/25 MP: 4/4
   806 | D:2      | You fall into a shaft and drop 1 floor!
   809 | D:3      | Noticed Sigmund
   811 | D:3      | Noticed a scorpion
   818 | D:3      | HP: 1/25 [scorpion (3)]
   819 | D:3      | Succumbed to a scorpion's poison

Illustrated notes

Levels and vault maps discovered:
D:1:      psy_arrival_statuary, layout_basic, chequers_ecumenical_altar_island
D:2:      layout_basic
D:3:      minmay_recursive_quarters, layout_rooms, uniq_sigmund

Action                   || total
-------------------------++-------
Melee: Long sword        ||    50
Armor: Scale mail        ||    36
Dodge: Dodged            ||    47
Block: Buckler           ||    15
